 Dungeon Crawl Stone Soup version 0.29-a0-1052-g6990b1bffc (webtiles) character file.

Game seed: 18140115659318999678

982 Spectrina the Ducker (level 8, 0/56 HPs)
             Began as a Djinni Venom Mage on Aug 16, 2022.
             Slain by an ice beast (16 damage)
             ... on level 7 of the Dungeon on Aug 17, 2022.
             The game lasted 00:36:40 (3030 turns).

Spectrina the Ducker (Djinni Venom Mage)            Turns: 3030, Time: 00:36:41

Health: 0/56       AC:  5    Str:  7    XL:     8   Next: 40%
Gold:   138        EV: 13    Int: 19    God:
                   SH:  0    Dex: 14

rFire   + + +      SeeInvis .   (no weapon)
rCold   x . .      Faith    .   (no shield)
rNeg    . . .      Spirit   .   a - +0 robe
rPois   ∞          Reflect  .   q - +0 helmet
rElec   .          Harm     .   y - +0 cloak
rCorr   .          Rampage  .   x - +0 pair of gloves
Will    .....                   (boots unavailable)
Stlth   ++........              j - amulet of the acrobat
HPRegen 0.18/turn               l - ring of protection from fire
MPRegen 0.00/turn               (no ring)

@: flying, very slightly contaminated
A: sickness immunity, fire resistance 2, cold vulnerability 1, float, innate
caster, HP casting, extra vitality 1
a: no special abilities


You were on level 7 of the Dungeon.
You visited 2 branches of the dungeon, and saw 9 of its levels.

You collected 163 gold pieces.
You spent 25 gold pieces at shops.

Inventory:

Hand Weapons
 d - a +0 sling
 r - a +4 flail of protection
 v - a +0 whip of electrocution
Missiles
 u - 5 curare-tipped darts
Armour
 a - a +0 robe (worn)
 k - a scarf of repulsion
 q - a +0 helmet (worn)
 x - a +0 pair of gloves (worn)
 y - a +0 cloak (worn)
Jewellery
 j - an amulet of the acrobat (around neck)
 l - a ring of protection from fire (left hand)
Wands
 w - a wand of roots (6)
Scrolls
 b - a scroll of amnesia
 c - a scroll of identify
 e - a scroll of noise
 f - 2 scrolls of teleportation {unknown}
 h - a scroll of vulnerability
 i - a scroll of poison
 m - a scroll of fear
 n - a scroll of blinking
Potions
 o - a potion of heal wounds
 p - 2 potions of brilliance {unknown}


   Skills:
 + Level 3.5 Fighting
 + Level 4.6 Dodging
 + Level 3.7 Stealth
 + Level 3.7 Spellcasting
 + Level 3.3 Invocations
 + Level 3.4 Evocations


You couldn't memorise any spells.
You knew the following spells:

 Your Spells              Type           Power      Damage    Failure   Level
a - Sandblast             Erth           34%        2d9       3%          1
k - Tukima's Dance        Hex            17%        N/A       10%         3
l - Mephitic Cloud        Conj/Pois/Air  17%        N/A       10%         3
q - Poisonous Vapours     Pois/Air       34%        N/A       4%          2
s - Sting                 Tmut/Pois      68%        1d6       3%          1
w - Olgreb's Toxic Radia  Pois           17%        N/A       30%         4
x - Passwall              Tmut/Erth      14%        N/A       4%          2
Your spell library was empty.

Dungeon Overview and Level Annotations

Branches:
Dungeon (8/15)             Temple (1/1) D:5
   Lair: D:8-11

Altars:
Cheibriados
Trog
Yredelemnul

Shops:
D:1 =   D:2 *   D:3 ((   D:4 (   D:7 [

Annotations:
D:2 Sigmund


Innate Abilities, Weirdness & Mutations

You are immune to sickness and miasma.
You are immune to poison.
Your flesh is very heat resistant. (rF++)
You are vulnerable to cold. (rC-)
You float through the air rather than walking.
You learn spells naturally, not from books.
Your magical power is your life essence.
You have superior vitality. (+4 MHP)


Message History

The ice beast is moderately wounded.
Your +2 halberd of venom falls from the air.
The orc priest calls down the wrath of Beogh upon you.
Beogh smites you!
* * * LOW HITPOINT WARNING * * *
The ice beast hits you but does no damage.
You feel less attractive to monsters.
Unknown command.
Unknown command.
You barely miss the ice beast.
The ice beast is moderately wounded.
The ice beast hits you.
* * * LOW HITPOINT WARNING * * *
The ice beast freezes you!
* * * LOW HITPOINT WARNING * * *
The orc priest hits you but does no damage.
Unknown command.
It was a potion of magic.
Magic washes over you without effect.
You kill the orc priest!
The ice beast barely misses you.
It was a potion of heal wounds.
You feel much better.
The ice beast hits you but does no damage.
Unknown command.
Unknown command.
You barely miss the ice beast.
The ice beast is moderately wounded.
The ice beast hits you but does no damage.
Unknown command.
You hit the ice beast but do no damage.
The ice beast is moderately wounded.
The ice beast hits you but does no damage.
You hit the ice beast but do no damage.
The ice beast is moderately wounded.
You feel less wooden.
Your +0 cloak unmelds from your body.
Your +0 helmet unmelds from your body.
Your +0 pair of gloves unmelds from your body.
Your +0 robe unmelds from your body.
The ice beast hits you.
* * * LOW HITPOINT WARNING * * *
The ice beast freezes you!
You feel a terrible chill!
You die...

# # .#. #.# #.#
#.# #.# .
#.###.###
#...####.......
#.....[..###.#
.......#...))#####
............)Y@).#
.......##..).)##.#
#...### ##..#)# #
#... #...#... #..
#.#####..# #. #.
..# ## .# .# #


You could see an ice beast.

Vanquished Creatures
  Edmund (D:4)
  A phantom (D:5)
  A kobold brigand (D:7)
  2 scorpions
  2 necrophages
  2 hounds (D:5)
  2 orc priests
  2 orc wizards (D:7)
  3 gnolls (D:5)
  6 adders
  A worm (D:2)
  2 dart slugs (D:1)
  21 orcs
  5 ball pythons
  4 bats
  8 endoplasms
  A giant cockroach (D:1)
  6 goblins
  6 hobgoblins (D:1)
  3 jackals (D:1)
  8 kobolds
  A quokka (D:2)
  4 frilled lizards
  A rat (D:3)
93 creatures vanquished.

Vanquished Creatures (collateral kills)
  An orc warrior (D:7)
  2 gnolls (D:5)
3 creatures vanquished.

Vanquished Creatures (others)
  A dancing weapon (D:7)
1 creature vanquished.

Grand Total: 97 creatures vanquished

Notes
Turn   | Place    | Note
-------+----------+-------------------------------------------
     0 | D:1      | Spectrina the Djinni Venom Mage began the quest for the
                  | Orb.
     0 | D:1      | Spectrina set off with the following spells memorised:
                  | Sting, Poisonous Vapours, Mephitic Cloud, Olgreb's Toxic
                  | Radiance.
     0 | D:1      | Reached XP level 1. HP: 15/15 MP: 0/0
    49 | D:1      | Reached XP level 2. HP: 9/22 MP: 0/0
   234 | D:2      | HP: 1/22 [goblin/sling bullet (3)]
   303 | D:2      | Noticed Sigmund
   487 | D:2      | Found Uhebb's Assorted Antiques.
   496 | D:2      | Bought an amethyst potion for 25 gold pieces
   509 | D:2      | Reached XP level 3. HP: 4/26 MP: 0/0
   509 | D:2      | Learned a level 1 spell: Sandblast
   593 | D:3      | Found Irisoi's Weapon Shoppe.
   611 | D:3      | Reached skill level 1 in Fighting
   726 | D:3      | Reached skill level 1 in Evocations
   863 | D:1      | Found a faded altar of an unknown god.
   955 | D:1      | Reached skill level 1 in Invocations
   955 | D:1      | Reached XP level 4. HP: 21/32 MP: 0/0
  1250 | D:1      | Found Diacko's Jewellery Shop.
  1488 | D:3      | Found Lyoz's Weapon Shop.
  1688 | D:4      | Reached XP level 5. HP: 36/37 MP: 0/0
  1688 | D:4      | Learned a level 2 spell: Passwall
  1688 | D:4      | Noticed Edmund
  1761 | D:4      | Reached skill level 3 in Dodging
  1886 | D:4      | Killed Edmund
  1887 | D:4      | Reached XP level 6. HP: 6/43 MP: 0/0
  1906 | D:4      | Found Ixoess's Weapon Shoppe.
  1955 | D:4      | Upgraded the game from 0.29-a0-1047-g7c58e119a4 to
                  | 0.29-a0-1052-g6990b1bffc
  2223 | D:5      | Entered Level 5 of the Dungeon
  2249 | D:5      | Reached XP level 7. HP: 42/49 MP: 0/0
  2249 | D:5      | Learned a level 3 spell: Tukima's Dance
  2380 | D:5      | Found a staircase to the Ecumenical Temple.
  2406 | Temple   | Entered the Ecumenical Temple
  2460 | D:5      | Reached skill level 4 in Dodging
  2799 | D:7      | Found Dateus's Armour Emporium.
  2876 | D:8      | Noticed a kobold demonologist
  2878 | D:8      | Noticed a red devil
  2881 | D:8      | Noticed a kobold demonologist
  2881 | D:8      | Noticed a hellwing
  3000 | D:7      | Reached XP level 8. HP: 35/56 MP: 0/0
  3025 | D:7      | HP: 2/84 [ice beast (9)]
  3030 | D:7      | Slain by an ice beast

Illustrated notes

Levels and vault maps discovered:
D:1:      dpeg_arrival_arbitrary_b, layout_loops_corners, serial_shops,
          nicolae_diamond_shop, shapermc_ecumenical_altar_acropolis,
          minmay_tall_x
D:2:      layout_loops_ring, serial_shops, nicolae_shop_crystal,
          grunt_ministairs_7, uniq_sigmund
D:3:      layout_rooms, serial_shops, nicolae_shop_crystal, nicolae_shop_stone
D:4:      layout_loops_ring, serial_shops, nicolae_inconvenience_store,
          uniq_edmund, uniq_crazy_yiuf_cottage
D:5:      layout_basic, minmay_temple_entry_ruins, dreamdust_gnoll_farm
D:6:      layout_loops_cross
D:7:      layout_loops_ring, serial_shops, nicolae_shop_trees
D:8:      layout_cave_pools, makhleb_blood_cavern_becter,
          lightli_ossuary_entry_decrepit_ruins
Temple:   bh_familiar_temple

Skill      XL: |  1  2  3  4  5  6  7 |
---------------+----------------------+-----
Fighting       | 1 2 3 |  3.5
Evocations     | 1 2 3 |  3.4
Stealth        | 2 3 |  3.7
Invocations    | 1 2 3 |  3.3
Dodging        | 3 4 |  4.6
Spellcasting   | 3 |  3.7

Action                   |  1- 3 |  4- 6 |  7- 9 || total
-------------------------+-------+-------+-------++-------
Melee: Unarmed           |     1 |       |    18 ||    19
       Punch             |     1 |       |       ||     1
       Whip              |       |       |     4 ||     4
 Fire: Sling             |    52 |    38 |     5 ||    95
 Cast: Sting             |    30 |       |       ||    30
       Poisonous Vapours |     1 |     4 |    25 ||    30
       Sandblast         |    11 |    53 |     8 ||    72
       Mephitic Cloud    |       |     7 |       ||     7
       Olgreb's Toxic Ra |       |       |    11 ||    11
       Tukima's Dance    |       |       |     6 ||     6
  Use: Potion            |     2 |       |     7 ||     9
       Scroll            |       |       |     6 ||     6
Armor: Robe              |     7 |     6 |     2 ||    15
       Skin              |       |       |    48 ||    48
Dodge: Dodged            |    38 |    22 |    21 ||    81
       Repelled          |     1 |       |       ||     1

Table legend: (Time is in decaauts)
 A = Elapsed time spent in this place.
 B = Non-inter-level travel time spent in this place.
 C = Inter-level travel time spent in this place.
 D = Time resting spent in this place.
 E = Time spent auto-exploring this place.
 F = Levels seen in this place.
 G = Mean time per level.
                   A        B        C        D        E       F      G
               +--------+--------+--------+--------+--------+-----+--------+
         Total |   3100 |   2860 |    240 |      0 |      0 |   9 |  344.4 |
       Dungeon |   3068 |   2838 |    230 |      0 |      0 |   8 |  383.5 |
        Temple |     31 |     21 |     10 |      0 |      0 |   1 |   31.0 |
               +--------+--------+--------+--------+--------+-----+--------+

Top non-repeatable levels by time:
     D:4: 814 daAuts
     D:2: 675 daAuts
     D:1: 609 daAuts
     D:3: 353 daAuts
     D:5: 302 daAuts
     D:7: 157 daAuts
     D:6: 145 daAuts
  Temple: 31 daAuts
     D:8: 10 daAuts
